 Dungeon Crawl Stone Soup version 0.30-a0-1114-gd936c97349 (webtiles) character file.

Game seed: 5439006873418882018

66 Warped the Sneak (level 4, -2/30 HPs)
             Began as an Octopode Brigand on Apr 21, 2023.
             Slain by Robin
             ... wielding a +7 club
              (15 damage)
             ... on level 2 of the Dungeon.
             The game lasted 00:02:33 (1456 turns).

Warped the Sneak (Octopode Brigand)                 Turns: 1456, Time: 00:02:33

Health: -2/30      AC:  1    Str: 10    XL:     4   Next: 15%
Magic:  4/4        EV: 13    Int: 13    God:
Gold:   72         SH:  0    Dex: 15    Spells: 3/3 levels left

rFire   . . .      SeeInvis .    a - +1 dagger (venom)
rCold   . . .      Faith    .    (no shield)
rNeg    . . .      Spirit   .    (helmet restricted)
rPois   .          Reflect  .    (no amulet)
rElec   .          Rampage  .    (no ring)
rCorr   .                        (no ring)
Will    .....                    (no ring)
Stlth   ++++                     (no ring)
HPRegen 0.25/turn                (no ring)
MPRegen 0.09/turn                (no ring)
                                 (no ring)
                                 (no ring)

@: no status effects
A: almost no armour, amphibious, 8 rings, camouflage 1, gelatinous body 1,
(nimble swimmer 1), tentacles
a: no special abilities


You were on level 2 of the Dungeon.
You visited 1 branch of the dungeon, and saw 2 of its levels.

You collected 72 gold pieces.

Inventory:

Hand Weapons
 a - a +1 dagger of venom (weapon)
 b - a +2 dagger
 e - a +0 rapier
Missiles
 c - 3 curare-tipped darts
 d - 4 poisoned darts (quivered)
 j - 18 stones
Magical Staves
 l - a staff of air
Scrolls
 g - 2 scrolls of teleportation
 k - a scroll of amnesia
Potions
 f - a potion of lignification {unknown}
 m - a potion of curing


   Skills:
 + Level 2.5 Fighting
 + Level 2.5 Short Blades
 - Level 2.0 Throwing
 + Level 1.8 Dodging
 * Level 6.4 Stealth


You had 3 spell levels left.
You didn't know any spells.
Your spell library was empty.

Dungeon Overview and Level Annotations

Branches:
Dungeon (2/15)

Altars:

Annotations:
D:2 Robin


Innate Abilities, Weirdness & Mutations

You cannot wear most types of armour.
You are amphibious.
You can wear up to eight rings at the same time.
Your skin changes colour to match your surroundings (Stealth+).
Your rubbery body absorbs attacks. (AC +1, EV +1)
((You are camouflaged when in or above water. (Stealth+)))
You have tentacles for arms and can constrict up to eight enemies at once.


Message History

Throw: 8 darts (poison)
Press: ? - help, Q - select action, (/) - cycle Shift-Dir - straight line, f/p - Robin
Aim: Robin, wielding a +7 club, wearing a +0 animal skin and wearing the +1 helmet "Ohomum" {rC- rCorr Str+4 Slay+5} (lightly wounded, 68% to hit)
You throw a poisoned dart. The poisoned dart hits the hobgoblin.
The hobgoblin is poisoned.
Throw: 7 darts (poison)
Press: ? - help, Q - select action, (/) - cycle Shift-Dir - straight line, f/p - Robin
Aim: Robin, wielding a +7 club, wearing a +0 animal skin and wearing the +1 helmet "Ohomum" {rC- rCorr Str+4 Slay+5} (lightly wounded, 68% to hit)
You throw a poisoned dart.
The poisoned dart barely misses the hobgoblin.
The poisoned dart completely misses Robin.
Throw: 6 darts (poison)
Press: ? - help, Q - select action, (/) - cycle Shift-Dir - straight line, f/p - Robin
Aim: Robin, wielding a +7 club, wearing a +0 animal skin and wearing the +1 helmet "Ohomum" {rC- rCorr Str+4 Slay+5} (lightly wounded, 68% to hit)
You throw a poisoned dart. The poisoned dart hits the hobgoblin.
The hobgoblin is moderately wounded.
Robin roars a battlecry!
The hobgoblin goes into a battle-frenzy!
You hit the hobgoblin.
The hobgoblin looks even sicker.
You grab the hobgoblin.
The hobgoblin is heavily wounded.
You constrict the hobgoblin.
Robin roars a battlecry!
The hobgoblin goes into a battle-frenzy!
The hobgoblin closely misses you.
You hit the hobgoblin.
You kill the hobgoblin!
Throw: 5 darts (poison)
Press: ? - help, Q - select action, (/) - cycle Shift-Dir - straight line, f/p - Robin
Aim: Robin, wielding a +7 club, wearing a +0 animal skin and wearing the +1 helmet "Ohomum" {rC- rCorr Str+4 Slay+5} (68% to hit)
You throw a poisoned dart. The poisoned dart hits Robin.
Robin is poisoned.
Unknown command.
You hit Robin.
Robin looks even sicker.
You grab Robin. Your squeeze misses Robin.
Robin is moderately wounded.
You constrict Robin. Robin hits you with a +7 club.
You hit Robin but do no damage.
Robin looks as sick as possible!
Robin is severely wounded.
You constrict Robin, but do no damage. Robin hits you with a +7 club!
Ouch! That really hurt!
You die...

...#.. #....###.....
.#.#.#
#..#.#.#...##.
.#.#.# ###..#.##.#.#
.# .#...#
#.)#..#.#.#.# #
##..[####..#.###.#.#
#..#..#.#.....##.#.#
..###.....8.8....#.#
#..#..#.#.....##.#.#
##...####..#.###@#g#
# .#...# #..#..#
#g#.##.# .#.#.#
###..#. #g#....#
.#.#.# #..#.#.#(#..#
...#.. #....###.(.g#
#. #. # ##.. #.####
#(. ###


You could see Robin (extremely poisoned) and a hobgoblin (strong).

Vanquished Creatures
  An adder (D:2)
  A worm (D:2)
  A dart slug (D:1)
  2 ball pythons
  4 endoplasms
  2 giant cockroaches
  10 goblins
  8 hobgoblins
  2 jackals (D:2)
  3 quokkas
  4 bats
  3 frilled lizards
  2 kobolds (D:1)
  2 rats (D:1)
45 creatures vanquished.

Notes
Turn   | Place    | Note
-------+----------+-------------------------------------------
     0 | D:1      | Warped the Octopode Brigand began the quest for the Orb.
     0 | D:1      | Reached XP level 1. HP: 14/14 MP: 1/1
   196 | D:1      | Reached XP level 2. HP: 19/19 MP: 2/2
   533 | D:1      | Reached XP level 3. HP: 24/24 MP: 3/3
   752 | D:2      | Reached skill level 6 in Stealth
   752 | D:2      | Identified the +1 helmet "Ohomum" {rC- rCorr Str+4 Slay+5}
   752 | D:2      | Noticed Robin
  1047 | D:2      | Reached XP level 4. HP: 27/30 MP: 4/4
  1456 | D:2      | Slain by Robin

Illustrated notes

Levels and vault maps discovered:
D:1:      ebering_trefoil_twist, layout_basic
D:2:      wad_crossroads, layout_basic, uniq_robin

Skill      XL: |  1  2  3 |
---------------+----------+-----
Stealth        | 6 |  6.4
Fighting       | |  2.5
Short Blades   | |  2.5
Throwing       | |  2.0
Dodging        | |  1.8

Action                     |  1- 3 |  4- 6 || total
---------------------------+-------+-------++-------
  Melee: Dagger            |    65 |    14 ||    79
         Constrict         |    16 |     6 ||    22
         Tentacles         |    14 |     3 ||    17
  Throw: Dart              |       |     5 ||     5
    Use: Scroll            |     1 |     6 ||     7
         Potion            |     1 |       ||     1
   Stab: Sleeping          |    15 |       ||    15
 Armour: Skin              |     6 |       ||     6
  Dodge: Dodged            |    28 |    11 ||    39

Table legend: (Time is in decaauts)
 A = Elapsed time spent in this place.
 B = Non-inter-level travel time spent in this place.
 C = Inter-level travel time spent in this place.
 D = Time resting spent in this place.
 E = Time spent auto-exploring this place.
 F = Levels seen in this place.
 G = Mean time per level.
                   A        B        C        D        E       F      G
               +--------+--------+--------+--------+--------+-----+--------+
         Total |   1446 |   1349 |     97 |     86 |    971 |   2 |  723.0 |
       Dungeon |   1446 |   1349 |     97 |     86 |    971 |   2 |  723.0 |
               +--------+--------+--------+--------+--------+-----+--------+

Top non-repeatable levels by time:
     D:1: 849 daAuts
     D:2: 597 daAuts
